 Dungeon Crawl Stone Soup version 0.26.0-10-g1f06aea511 (webtiles) character file.

Game seed: 1420306239470516777

133 Borgoz the Slasher (level 5, -4/41 HPs)
             Began as a Ghoul Gladiator on Jan 13, 2021.
             Killed from afar by an orc wizard (8 damage)
             ... with a magic dart
             ... on level 3 of the Dungeon.
             The game lasted 00:02:22 (2263 turns).

Borgoz the Slasher (Ghoul Gladiator)                Turns: 2263, Time: 00:02:23

Health: -4/41      AC:  4    Str: 18    XL:     5   Next: 16%
Magic:  4/4        EV: 12    Int:  3    God:
Gold:   92         SH:  3    Dex: 11    Spells: 4/4 levels left

rFire    + . .     SeeInvis .   a - +0 long sword
rCold    + + .     Faith    .   f - +0 buckler
rNeg     + + +     Spirit   .   b - +0 leather armour
rPois    ∞         Reflect  .   c - +0 helmet
rElec    +         Harm     .   (no cloak)
rCorr    +         Rampage  .   (no gloves)
Will     .....                  (no boots)
Stlth    +.........             (no amulet)
HPRegen  0.00/turn              (no ring)
MPRegen  0.09/turn              (no ring)

@: resistant
A: claws 1, cold resistance 1, negative energy resistance 3, inhibited
regeneration, torment resistance, unbreathing
a: no special abilities


You were on level 3 of the Dungeon.
You visited 1 branch of the dungeon, and saw 3 of its levels.

You collected 92 gold pieces.

Inventory:

Hand Weapons
 a - a +0 long sword (weapon)
Missiles
 d - 3 throwing nets (quivered)
Armour
 b - a +0 leather armour (worn)
 c - a +0 helmet (worn)
 f - a +0 buckler (worn)
Scrolls
 e - a scroll of teleportation
 g - a scroll of remove curse
 h - 2 scrolls of blinking
Potions
 i - a potion of invisibility


   Skills:
 - Level 2.1 Fighting
 * Level 4.1 Long Blades
 - Level 1.7 Throwing
 + Level 1.9 Armour
 + Level 3.4 Dodging


You had 4 spell levels left.
You didn't know any spells.
Your spell library was empty.

Dungeon Overview and Level Annotations

Branches:
Dungeon (3/15)

Altars:
Uskayaw
Yredelemnul


Innate Abilities, Weirdness & Mutations

You thrive by killing the living.
You are immune to poison.
You have sharp fingernails.
Your flesh is cold resistant. (rC+)
You are immune to negative energy. (rN+++)
You do not regenerate when monsters are visible.
You are immune to unholy pain and torment.
You can survive without breathing.


Message History

It was a potion of resistance.
You feel protected. Something hits you but does no damage.
An orc comes into view. It is wielding a +0 whip.
Something hits you but does no damage.
Found a stone staircase leading down.
Things that are here:
a +0 vorpal hand axe; a +0 leather armour; a +0 ring mail You barely miss something.
Something hits you.
* * * LOW HITPOINT WARNING * * *
Something hits you but does no damage.
You miss something. Something hits you.
* * * LOW HITPOINT WARNING * * *
Something hits you but does no damage.
Okay, then.
Something hits you.
* * * LOW HITPOINT WARNING * * *
A magic dart appears from out of thin air!
The magic dart hits you!
You die...

#### ..#
#####.# #
#....@#.#
#####o###.#.#
.......){...#
>#..#.###.###
#....†..#
#.....#.#
#.....#.#
.......# #
........#


You could see an orc.

Vanquished Creatures
  An orc priest (D:3)
  Jessica (D:2)
  An adder (D:2)
  3 worms (D:2)
  3 dart slugs
  A leopard gecko (D:2)
  An orc (D:3)
  3 bats
  4 giant cockroaches (D:1)
  7 goblins
  7 hobgoblins
  2 quokkas
  A ball python (D:2)
  2 frilled lizards (D:1)
  8 kobolds
  8 rats
53 creatures vanquished.

Notes
Turn   | Place    | Note
-------+----------+-------------------------------------------
     0 | D:1      | Borgoz the Ghoul Gladiator began the quest for the Orb.
     0 | D:1      | Reached XP level 1. HP: 17/17 MP: 0/0
   369 | D:1      | Reached XP level 2. HP: 20/24 MP: 1/1
   435 | D:1      | Reached skill level 3 in Long Blades
   884 | D:1      | Reached XP level 3. HP: 29/29 MP: 2/2
   894 | D:1      | Reached skill level 1 in Armour
  1086 | D:2      | Noticed Jessica
  1113 | D:2      | Killed Jessica
  1114 | D:2      | Reached XP level 4. HP: 16/36 MP: 3/3
  1814 | D:2      | Found a basalt altar of Yredelemnul.
  1814 | D:2      | Found a hide-covered altar of Uskayaw.
  2257 | D:3      | Reached skill level 4 in Long Blades
  2257 | D:3      | Reached XP level 5. HP: 10/41 MP: 4/4
  2263 | D:3      | Killed from afar by an orc wizard

Illustrated notes

Levels and vault maps discovered:
D:1:      lightli_arrival_statuegarden, layout_loops_ring,
          kennysheep_flooded_box
D:2:      layout_loops_ring, gammafunk_temple_overflow_wave,
          chequers_serial_rivers_large_b, uniq_jessica
D:3:      layout_basic, grunt_gozag_statues, uniq_robin

Skill      XL: |  1  2  3  4 |
---------------+-------------+-----
Long Blades    | 3 4 |  4.1
Dodging        | 3 |  3.4
Armour         | 1 |  1.9
Fighting       | |  2.1
Throwing       | |  1.7

Action                   |  1- 3 |  4- 6 || total
-------------------------+-------+-------++-------
Melee: Long sword        |   100 |    53 ||   153
Throw: Throwing net      |     1 |       ||     1
  Use: Scroll            |     3 |     2 ||     5
       Potion            |     1 |     1 ||     2
Armor: Leather armour    |    27 |    10 ||    37
Dodge: Dodged            |    68 |    30 ||    98
Block: Buckler           |       |     5 ||     5
       Rpst.: Long sword |    26 |     6 ||    32
